 Dungeon Crawl Stone Soup version 0.30-a0-165-g1891117ce2 (webtiles) character file.

Game seed: 4450649881950466199

134 qw the Chopper (level 5, -2/32 HPs)
             Began as a Gargoyle Fighter on Sept 28, 2022.
             Killed from afar by Natasha (11 damage)
             ... with a magic dart
             ... on level 2 of the Dungeon.
             The game lasted 00:00:37 (1428 turns).

qw the Chopper (Gargoyle Fighter)                   Turns: 1428, Time: 00:00:38

Health: -2/32      AC: 13    Str: 21    XL:     5   Next: 17%
Magic:  5/5        EV:  7    Int:  9    God:
Gold:   69         SH:  4    Dex:  9    Spells: 4/4 levels left

rFire   + . .      SeeInvis .    Y - +0 war axe
rCold   . . .      Faith    .    c - +0 buckler
rNeg    + . .      Spirit   .    e - +0 chain mail
rPois   inf        Reflect  .    (no helmet)
rElec   +          Harm     .    (no cloak)
rCorr   .          Rampage  .    (no gloves)
Will    .....                    (no boots)
Stlth   ..........               (no amulet)
HPRegen 0.10/turn                f - ring of protection from fire
MPRegen 0.09/turn                (no ring)

@: slowed, very slow
A: sickness immunity, AC +4, negative energy resistance 1, electricity
resistance, torment resistance 1, petrification resistance
a: no special abilities


You were on level 2 of the Dungeon.
You visited 1 branch of the dungeon, and saw 2 of its levels.

You collected 69 gold pieces.


Innate Abilities, Weirdness & Mutations

You are immune to sickness and miasma.
Your stone body is resilient. (AC +4)
You are immune to poison.
You resist negative energy. (rN+)
You are resistant to electric shocks. (rElec)
You are resistant to unholy torment.
You are immune to petrification.


   Skills:
 - Level 3.2 Fighting
 + Level 4.7 Axes
 - Level 3.2 Armour
 - Level 3.2 Shields


You had 4 spell levels left.
You didn't know any spells.
Your spell library was empty.

Inventory:

Hand Weapons
 b - a +0 whip
 Y - a +0 war axe (weapon)
Armour
 c - a +0 buckler (worn)
 e - a +0 chain mail (worn)
Jewellery
 f - a ring of protection from fire (left hand)
 i - a +6 ring of strength
Scrolls
 a - 2 scrolls of identify
 g - 2 scrolls of blinking {unknown}
 j - a scroll of amnesia {unknown}
 l - a scroll of torment {unknown}
 o - a scroll of silence {unknown}
Potions
 d - a potion of might
 h - a potion of invisibility {unknown}
 k - a potion of lignification {unknown}
 m - a potion of mutation {unknown}
 n - 2 potions of heal wounds {unknown}

Dungeon Overview and Level Annotations

Branches:
Dungeon (2/15)

Altars:

Annotations:
D:2 Natasha


Message History

Natasha claws you but does no damage. The iron imp hits you.
Natasha casts a spell at you.
You feel yourself slow down.
You closely miss the iron imp.
The iron imp is heavily wounded.
You hit Natasha but do no damage. Natasha claws you.
The iron imp closely misses you. Natasha claws you but does no damage.
You closely miss the iron imp.
The iron imp is heavily wounded.
You completely miss Natasha.
The iron imp hits you but does no damage.
Natasha claws you but does no damage.
The iron imp hits you but does no damage.
Natasha claws you but does no damage.
You barely miss the iron imp.
The iron imp is heavily wounded.
You hit Natasha. Natasha claws you.
The iron imp hits you but does no damage.
Natasha claws you but does no damage.
You slash the iron imp!
You kill the iron imp!
The iron imp disappears in a puff of smoke!
You barely miss Natasha. Natasha claws you.
You barely miss Natasha.
Natasha is moderately wounded.
Natasha claws you but does no damage. Natasha claws you.
You barely miss Natasha.
Natasha is moderately wounded.
Natasha casts a spell at you. The magic dart hits you.
Natasha stares at you and mumbles some strange words.
The magic dart hits you.
You closely miss Natasha.
Natasha is moderately wounded.
Natasha casts a spell at you. The magic dart hits you!
You die...

#........##.#...# #........# #..
#...#....##.#...###......).# #..
#...#....##.#...'..........###..
#...#.......#...####............
#...######..##......############
##### #...'......# #
###.###......# ##
#.......############ #.
#.......@####......#####.
#......#.h..).......##)..
#......######^...........
####...# #(.....##.... #...#
#......##.... #####
#..........## #######.....#
#...#.. #...###


You could see Natasha.

Vanquished Creatures
  Jessica (D:2)
  Natasha (twice) (D:2)
  2 adders (D:2)
  A worm (D:2)
  A dart slug (D:1)
  5 endoplasms (D:1)
  A giant cockroach (D:1)
  6 goblins
  A hobgoblin (D:1)
  2 quokkas
  A ball python (D:1)
  4 bats
  A frilled lizard (D:1)
  8 kobolds
  2 rats
38 creatures vanquished.

Notes
Turn   | Place    | Note
-------+----------+-------------------------------------------
     0 | D:1      | qw the Gargoyle Fighter began the quest for the Orb.
     0 | D:1      | Reached XP level 1. HP: 14/14 MP: 1/1
     0 | D:1      | 0 ||| qw: Version: 0.2-a-12-gaebbb33
     0 | D:1      | 0 ||| qw: Game counter: 857
     0 | D:1      | 0 ||| qw: Always use a shield: true
     0 | D:1      | 0 ||| qw: God list: Okawaru
     0 | D:1      | 0 ||| qw: Allow faded altars: false
     0 | D:1      | 0 ||| qw: Do Orc after D:15 true
     0 | D:1      | 0 ||| qw: Do second Lair branch before Depths: true
     0 | D:1      | 0 ||| qw: Lair rune preference: random
     0 | D:1      | 0 ||| qw: Plans: Normal, Zot:1-4, God:TSO, Crypt, Tomb,
                  | Pan, Slime:5, Hells, Abyss, Orb
     0 | D:1      | 0 ||| PLANNING D:1-11
    72 | D:1      | Reached skill level 2 in Axes
   208 | D:1      | Reached XP level 2. HP: 19/19 MP: 2/2
   396 | D:1      | 396 ||| Stepping ~*~*~tactically~*~*~ (hiding).
   426 | D:1      | Reached skill level 3 in Axes
   539 | D:1      | Reached XP level 3. HP: 23/23 MP: 3/3
   611 | D:1      | Found a faded altar of an unknown god.
   614 | D:1      | 614 ||| UPGRADING to +0 chain mail.
   624 | D:1      | 624 ||| DROPPING +0 scale mail.
   625 | D:1      | 625 ||| UPGRADING to ring of protection from fire.
   626 | D:1      | 626 ||| READING 2 scrolls labelled WYEBUI AVEA.
   627 | D:1      | 627 ||| READING scroll labelled LIGRAE RIDGH.
   628 | D:1      | 628 ||| READING scroll labelled COTEGO EPSUTAMIHA.
   707 | D:2      | 707 ||| DROPPING +0 club.
   763 | D:2      | Noticed Jessica
   764 | D:2      | 764 ||| Stepping ~*~*~tactically~*~*~ (stealth).
   773 | D:2      | Killed Jessica
   774 | D:2      | Reached XP level 4. HP: 15/28 MP: 4/4
  1057 | D:2      | Reached skill level 4 in Axes
  1258 | D:2      | Noticed Natasha
  1262 | D:2      | Killed Natasha
  1398 | D:2      | Noticed Natasha
  1399 | D:2      | 1399 ||| Stepping ~*~*~tactically~*~*~ (hiding).
  1401 | D:2      | 1401 ||| Stepping ~*~*~tactically~*~*~ (hiding).
  1405 | D:2      | Killed Natasha
  1406 | D:2      | Reached XP level 5. HP: 30/32 MP: 5/5
  1416 | D:2      | Noticed Natasha
  1428 | D:2      | Killed from afar by Natasha

Levels and vault maps discovered:
D:1:      dpeg_arrival_arbitrary_b, layout_rooms,
          dilly_ecumenical_altar_fadedgnrine
D:2:      layout_basic, uniq_natasha, uniq_jessica

Skill      XL: |  1  2  3  4 |
---------------+-------------+-----
Axes           | 2 3 4 |  4.7
Fighting       | |  3.2
Armour         | |  3.2
Shields        | |  3.2

Action                   |  1- 3 |  4- 6 || total
-------------------------+-------+-------++-------
Melee: War axe           |    74 |    52 ||   126
  Use: Scroll            |     3 |       ||     3
Armor: Scale mail        |    22 |       ||    22
       Chain mail        |    16 |    28 ||    44
Dodge: Dodged            |    23 |    16 ||    39
Block: Buckler           |    19 |     6 ||    25

Table legend:
 A = Non-vault XP
 B = Vault XP
 C = Vault XP percentage of total XP
 D = Non-vault monster count
 E = Vault monster count
 F = Vault count percentage of total count
                 A         B        C        D         E       F
            +---------+---------+-------+---------+---------+-------
      Total |     120 |      72 |  37.5 |      36 |       2 |   5.3
            +---------+---------+-------+---------+---------+-------
        D:1 |      34 |       0 |   0.0 |      19 |       0 |   0.0
        D:2 |      86 |      72 |  45.6 |      17 |       2 |  10.5
            +---------+---------+-------+---------+---------+-------
